 Dungeon Sprint DCSS version 0.19.1 (webtiles) character file.

70 equalderp2856 the Gouger (level 4, -1/23 HPs)
             Began as a Felid Fighter on Dec 17, 2016.
             Was a Follower of Lugonu.
             Slain by Erica
             ... wielding a +1 scimitar of flaming
              (2 damage)
             ... in the Dungeon (Sprint IX: "|||||||||||||||||||||||||||||").
             The game lasted 00:02:01 (659 turns).

equalderp2856 the Gouger (Felid Fighter)             Turns: 659, Time: 00:02:03

Health: -1/23      AC:  1    Str: 16    XL:     4   Next: 4%
Magic:  5/5        EV: 23    Int:  9    God:    Lugonu [*.....]
Gold:   0          SH:  0    Dex: 19    Spells: 0 memorised, 3 levels left
                                        Lives:  0   Deaths: 1

rFire  . . .     SeeInvis +       - Unarmed
rCold  . . .     Gourm    .     (armour unavailable)
rNeg   . . .     Faith    .     (shield unavailable)
rPois  .         Spirit   .     (helmet unavailable)
rElec  .         Reflect  .     (cloak unavailable)
rCorr  .         Harm     .     (gloves unavailable)
MR     .....     NoTele   +     (boots unavailable)
Stlth  ++........               (no amulet)
                                n - +3 ring of strength
                                m - +3 ring of dexterity

@: confused, quick
A: no armour, no weapons or thrown items, stealth, claws 1, fangs 3, see
invisible, carnivore 3, speed 1, shaggy fur 1, slow metabolism 1, sharp paws
a: Renounce Religion


You were in the Dungeon.
You worshipped Lugonu.
Lugonu was aware of your devotion.
You were not hungry.

You visited 1 branch

Inventory:

Jewellery
 m - a +3 ring of dexterity (left paw)
 n - a +3 ring of strength (right paw)
Wands
 l - a wand of acid (7/15)
Scrolls
 h - 2 scrolls of blinking
 j - 3 scrolls of remove curse
 k - 2 scrolls of amnesia
Potions
 c - 5 potions of curing
 d - a potion of heal wounds
 e - a potion of haste
 f - 4 potions of magic
 g - a potion of berserk rage
 i - a potion of invisibility
Comestibles
 b - 13 meat rations


   Skills:
 + Level 5.0 Fighting
 + Level 6.8 Dodging
 + Level 2.8 Stealth
 + Level 8.9 Unarmed Combat


You had 3 spell levels left.
You didn't know any spells.

Dungeon Overview and Level Annotations

Branches:
Dungeon (1/1)

Altars:
Cheibriados
Dithmenos
Elyvilon
Fedhas
Gozag
Hepliaklqana
Kikubaaqudgha
Makhleb
Nemelex Xobeh
Okawaru
Qazlal
Ru
Sif Muna
Trog
Uskayaw
Vehumet
Xom
Yredelemnul
Zin
The Shining One
Beogh
Jiyva
Lugonu

Annotations:
D Erica


Innate Abilities, Weirdness & Mutations

You cannot wear armour.
You are incapable of wielding weapons or throwing items.
Your paws allow you to move quietly. (Stealth)
You have sharp claws.
You have razor-sharp teeth.
You have supernaturally acute eyesight. (SInv)
You are carnivorous and can eat meat at any time.
You cover ground quickly.
You are covered in fur. (AC +1)
You have a slow metabolism.
Your sharp claws are effective at attacking unaware monsters.


Message History

You scratch Erica.
Erica is severely wounded.
Erica misses you.
You miss Erica.
Erica is severely wounded.
You claw Erica!
Erica is almost dead.
Erica closely misses you.
You barely miss Erica.
Erica is almost dead.
Erica misses you.
You miss Erica.
Erica is almost dead.
You scratch Erica.
Erica is almost dead.
Erica says, "I'm so much better than you."
Erica hits you with a scimitar of flaming!
* * * LOW HITPOINT WARNING * * *
Erica burns you.
You die...

▓▓▓▓▓▓▓▓▓▓▓▓▓▓▓▓▓▓▓▓▓▓▓▓
................@@......
▓▓▓▓▓▓▓▓▓▓▓▓▓▓▓▓▓▓▓▓▓▓▓▓ )$F(...
▓▓▓▓▓▓▓
▓▓▓▓▓▓▓▓▓▓▓▓▓▓▓▓▓▓▓▓▓▓▓▓▓▓▓▓▓▓▓▓▓
.o†..[FT)|.C†.___________________
▓▓▓▓▓▓▓▓▓▓▓▓▓▓▓▓▓▓▓▓▓▓▓▓▓▓▓▓▓▓▓▓▓


You could see Erica (invisible).

Vanquished Creatures
  An ogre (D)
  A worker ant (D)
  3 adders (D)
  A dart slug (D)
  A giant cockroach (D)
  A hobgoblin (D)
  A bat (D)
  2 kobolds (D)
11 creatures vanquished.

Vanquished Creatures (others)
  A spatial maelstrom (D)
1 creature vanquished.

Grand Total: 12 creatures vanquished

Notes
Turn   | Place    | Note
-------+----------+-------------------------------------------
     0 | D        | equalderp2856 the Felid Fighter began the quest for the Orb.
     0 | D        | Reached XP level 1. HP: 10/10 MP: 2/2
    17 | D        | Reached skill level 5 in Unarmed Combat
    18 | D        | Banished a spatial maelstrom
    36 | D        | Noticed an ogre
    36 | D        | Noticed a worker ant
    38 | D        | Reached skill level 1 in Stealth
    38 | D        | Reached XP level 2. HP: 14/14 MP: 3/3
    43 | D        | Reached skill level 5 in Dodging
    43 | D        | Reached skill level 6 in Unarmed Combat
    43 | D        | Reached XP level 3. HP: 14/18 MP: 4/4
    52 | D        | Killed an ogre
    52 | D        | Reached skill level 8 in Unarmed Combat
    52 | D        | Reached XP level 4. HP: 15/22 MP: 5/5
   231 | D        | Found a roughly hewn altar of Beogh.
   231 | D        | Found a snail-covered altar of Cheibriados.
   231 | D        | Found a shadowy altar of Dithmenos.
   231 | D        | Found a white marble altar of Elyvilon.
   231 | D        | Found a blossoming altar of Fedhas.
   231 | D        | Found an opulent altar of Gozag.
   232 | D        | Found a hazy altar of Hepliaklqana.
   233 | D        | Found a viscous altar of Jiyva.
   234 | D        | Found an ancient bone altar of Kikubaaqudgha.
   235 | D        | Found a corrupted altar of Lugonu.
   236 | D        | Found a burning altar of Makhleb.
   237 | D        | Found a sparkling altar of Nemelex Xobeh.
   238 | D        | Found an iron altar of Okawaru.
   239 | D        | Found a stormy altar of Qazlal.
   240 | D        | Found a sacrificial altar of Ru.
   241 | D        | Found a deep blue altar of Sif Muna.
   242 | D        | Found a bloodstained altar of Trog.
   243 | D        | Found a hide-covered altar of Uskayaw.
   244 | D        | Found a radiant altar of Vehumet.
   245 | D        | Found a shimmering altar of Xom.
   246 | D        | Found a basalt altar of Yredelemnul.
   253 | D        | Found a glowing silver altar of Zin.
   254 | D        | Found a glowing golden altar of the Shining One.
   269 | D        | Became a worshipper of Lugonu the Unformed
   269 | D        | Reached * piety under Lugonu
   302 | D        | Noticed a bullfrog
   302 | D        | Noticed a troll
   302 | D        | Noticed a hill giant
   304 | D        | Reached skill level 5 in Fighting
   304 | D        | Reached XP level 5. HP: 26/26 MP: 6/6
   540 | D        | Slain by a hill giant
   541 | D        | Reached XP level 4. HP: -1/23 MP: 5/5
   579 | D        | Noticed a tyrant leech
   579 | D        | Noticed a vampire mosquito
   579 | D        | Noticed a vampire mosquito
   581 | D        | Noticed a blink frog
   582 | D        | Noticed a vampire mosquito
   588 | D        | Noticed a blink frog
   639 | D        | Noticed Erica
   659 | D        | HP: 1/23 [Erica/scimitar of flaming (9)]
   659 | D        | Slain by Erica

Skill      XL: |  1  2  3  4 |
---------------+-------------+-----
Unarmed Combat | 5 6 8 |  8.9
Stealth        | 1 2 |  2.8
Dodging        | 5 6 |  6.8
Fighting       | 4 5 |  5.0

Action                   |  1- 3 |  4- 6 || total
-------------------------+-------+-------++-------
Melee: Unarmed           |    24 |    41 ||    65
       Bite              |     3 |     3 ||     6
       Punch             |       |     2 ||     2
  Use: Potion            |       |     3 ||     3
 Stab: Sleeping          |     2 |       ||     2
Dodge: Dodged            |    13 |    34 ||    47
